General information
- name: BNet
- type: Ladder team game (AT/RT)
- host: Battle.net
- saver: BEAR_AND
map: Goldshire
- players: 4
- length: 51:43
- speed: Fast
- version: 1.27 W3XP
- replay type:

» download(301 KB)
Players
team 1 (loser)
imabrickwall (
green | 67 APM | 3363 actions | 50:30)
5 Demon Hunter
3 Mana Burn
2 Evasion
3 Keeper of the Grove
2 Entangling Roots
1 Thorns Aura
» actions
| Assign group hotkey | 6 | |
| Basic commands | 5 | |
| Build / train | 119 | |
| ESC pressed | 22 | |
| Enter build submenu | 56 | |
| Enter hero's abilities submenu | 8 | |
| Give item / drop item | 3 | |
| Right click | 1929 | |
| Select / deselect | 968 | |
| Select group hotkey | 16 | |
| Use ability | 231 | |
3363 total
» units
| Wisp | 49 | |
| Huntress | 3 | |
| Dryad | 9 | |
| Goblin Zeppelin | 1 | |
| Hippogryph | 2 | |
| Mountain Giant | 2 | |
| Glaive Thrower | 6 | |
72 total
» upgrades
| Ultravision | 1 | |
| Strength of the Moon | 1 | |
| Nature's Blessing | 1 | |
| Abolish Magic | 1 | |
| Hardened Skin | 1 | |
| Resistant Skin | 1 | |
| Well Spring | 1 | |
| Strength of the Wild | 1 | |
| Vorpal Blades | 1 | |
9 total
» buildings
| Altar of Elders | 4 | |
| Moon Well | 8 | |
| Ancient of War | 3 | |
| Hunter's Hall | 3 | |
| Ancient of Wonders | 3 | |
| Tree of Ages | 1 | |
| Tree of Life | 4 | |
| Ancient of Lore | 2 | |
| Tree of Eternity | 1 | |
| Ancient of Wind | 1 | |
| Ancient Protector | 20 | |
50 total
» build order
00:02 Altar of Elders
00:09 Altar of Elders
00:18 Moon Well
01:05 Moon Well
01:07 Moon Well
01:27 Ancient of War
02:12 Hunter's Hall
02:52 Moon Well
03:14 Ancient of Wonders
03:24 Tree of Ages
04:55 Moon Well
04:57 Moon Well
05:40 Tree of Life
05:55 Ancient of Lore
05:57 Ancient of Lore
08:10 Tree of Eternity
11:09 Ancient of Wind
12:19 Ancient Protector
12:22 Ancient Protector
13:20 Ancient Protector
13:43 Ancient Protector
14:51 Ancient Protector
15:18 Ancient Protector
15:21 Ancient Protector
15:26 Ancient Protector
15:32 Ancient Protector
15:40 Ancient Protector
16:05 Ancient Protector
16:09 Ancient Protector
16:42 Ancient Protector
18:54 Ancient Protector
18:58 Ancient Protector
19:24 Moon Well
19:47 Tree of Life
19:57 Ancient of War
20:01 Ancient Protector
21:59 Tree of Life
23:27 Hunter's Hall
24:01 Tree of Life
26:21 Hunter's Hall
28:19 Ancient Protector
28:24 Ancient Protector
31:09 Ancient Protector
31:12 Moon Well
31:46 Ancient Protector
32:25 Ancient of Wonders
33:08 Ancient of Wonders
40:06 Ancient of War
48:40 Altar of Elders
49:29 Altar of Elders
» items
| Potion of Lesser Invulnerability | 1 | |
| Periapt of Vitality | 1 | |
| Boots of Speed | 1 | |
| Scroll of Town Portal | 3 | |
| Orb of Venom | 3 | |
| Potion of Healing | 1 | |
| Dust of Appearance | 3 | |
| Anti-magic Potion | 1 | |
| Potion of Mana | 1 | |
| Staff of Teleportation | 2 | |
17 total
LordTG (
pink | 56 APM | 2889 actions | 51:41)
6 Death Knight
3 Death Coil
2 Unholy Aura
1 Animate Dead
4 Lich
2 Frost Nova
2 Frost Armor
» actions
| Assign group hotkey | 439 | |
| Basic commands | 501 | |
| Build / train | 129 | |
| Enter build submenu | 35 | |
| Enter hero's abilities submenu | 10 | |
| Give item / drop item | 11 | |
| Remove unit from queue | 5 | |
| Right click | 638 | |
| Select / deselect | 485 | |
| Select group hotkey | 451 | |
| Use ability | 184 | |
2889 total
» units
| Acolyte | 10 | |
| Ghoul | 8 | |
| Crypt Fiend | 14 | |
| Obsidian Statue | 10 | |
| Frost Wyrm | 15 | |
57 total
» upgrades
| Creature Attack | 3 | |
| Web | 1 | |
| Creature Carapace | 1 | |
| Destroyer Form | 1 | |
| Burrow | 1 | |
| Freezing Breath | 1 | |
8 total
» buildings
| Altar of Darkness | 1 | |
| Crypt | 3 | |
| Ziggurat | 19 | |
| Tomb of Relics | 1 | |
| Graveyard | 2 | |
| Nerubian Tower | 2 | |
| Halls of the Dead | 3 | |
| Spirit Tower | 11 | |
| Slaughterhouse | 1 | |
| Black Citadel | 2 | |
| Sacrificial Pit | 1 | |
| Boneyard | 2 | |
| Necropolis | 2 | |
| Moon Well | 1 | |
51 total
» build order
00:25 Altar of Darkness
00:28 Crypt
00:32 Crypt
00:48 Crypt
00:52 Ziggurat
00:55 Ziggurat
01:15 Ziggurat
01:43 Tomb of Relics
02:17 Ziggurat
02:58 Graveyard
03:04 Graveyard
04:46 Nerubian Tower
04:46 Nerubian Tower
05:02 Halls of the Dead
05:06 Ziggurat
05:09 Ziggurat
06:19 Spirit Tower
08:51 Slaughterhouse
10:09 Black Citadel
10:09 Black Citadel
12:21 Sacrificial Pit
12:23 Ziggurat
12:25 Ziggurat
13:28 Boneyard
13:30 Boneyard
15:18 Necropolis
26:52 Ziggurat
26:54 Ziggurat
27:25 Ziggurat
27:31 Ziggurat
31:53 Ziggurat
31:57 Ziggurat
32:44 Ziggurat
33:24 Ziggurat
33:25 Ziggurat
33:27 Spirit Tower
33:27 Spirit Tower
33:36 Spirit Tower
33:36 Spirit Tower
33:36 Spirit Tower
33:37 Spirit Tower
34:22 Spirit Tower
34:26 Ziggurat
35:25 Necropolis
35:29 Ziggurat
37:15 Spirit Tower
37:15 Spirit Tower
41:02 Halls of the Dead
41:02 Halls of the Dead
51:29 Moon Well
» items
| Rod of Necromancy | 2 | |
| Dust of Appearance | 2 | |
| Scroll of Protection | 1 | |
| Potion of Healing | 1 | |
| Circlet of Nobility | 1 | |
| Scroll of Town Portal | 7 | |
| Orb of Corruption | 2 | |
| Scroll of Healing | 5 | |
21 total
team 2 (winner)
BEAR_AND (
blue | 116 APM | 6018 actions | 51:43)
5 Archmage
3 Blizzard
2 Brilliance Aura
4 Mountain King
2 Storm Bolt
2 Bash
2 Paladin
1 Holy Light
1 Divine Shield
» actions
| Assign group hotkey | 29 | |
| Basic commands | 32 | |
| Build / train | 258 | |
| ESC pressed | 1 | |
| Enter build submenu | 85 | |
| Enter hero's abilities submenu | 11 | |
| Give item / drop item | 3 | |
| Remove unit from queue | 4 | |
| Right click | 3881 | |
| Select / deselect | 949 | |
| Select group hotkey | 394 | |
| Use ability | 371 | |
6018 total
» units
| Peasant | 31 | |
| Dragonhawk Rider | 13 | |
| Priest | 1 | |
| Goblin Zeppelin | 1 | |
| Mortar Team | 1 | |
47 total
» upgrades
| Masonry | 3 | |
| Lumber Harvesting | 2 | |
| Magic Sentry | 1 | |
| Swords | 3 | |
| Armor | 3 | |
| Animal War Training | 1 | |
13 total
» buildings
| Altar of Kings | 1 | |
| Farm | 5 | |
| Lumber Mill | 1 | |
| Scout Tower | 116 | |
| Guard Tower | 119 | |
| Keep | 3 | |
| Arcane Tower | 25 | |
| Arcane Vault | 1 | |
| Town Hall | 4 | |
| Castle | 2 | |
| Arcane Sanctum | 1 | |
| Gryphon Aviary | 1 | |
| Blacksmith | 1 | |
| Barracks | 1 | |
| Workshop | 1 | |
282 total
» build order
00:07 Altar of Kings
00:18 Farm
00:49 Farm
00:51 Lumber Mill
01:26 Scout Tower
01:35 Scout Tower
01:59 Guard Tower
02:22 Guard Tower
02:22 Guard Tower
02:23 Scout Tower
02:37 Scout Tower
03:04 Guard Tower
03:15 Scout Tower
03:17 Scout Tower
03:44 Guard Tower
03:45 Guard Tower
03:45 Guard Tower
03:49 Scout Tower
03:50 Scout Tower
03:51 Scout Tower
04:27 Keep
04:27 Keep
04:37 Guard Tower
04:43 Arcane Tower
04:44 Arcane Tower
05:02 Arcane Vault
05:21 Guard Tower
05:22 Guard Tower
05:23 Scout Tower
05:24 Scout Tower
06:04 Town Hall
06:10 Guard Tower
06:35 Scout Tower
07:29 Guard Tower
07:30 Scout Tower
08:28 Scout Tower
08:29 Scout Tower
08:49 Scout Tower
08:58 Guard Tower
09:10 Scout Tower
09:16 Guard Tower
09:19 Guard Tower
09:20 Guard Tower
09:20 Guard Tower
10:01 Guard Tower
10:03 Scout Tower
10:04 Scout Tower
10:07 Scout Tower
10:07 Scout Tower
10:22 Guard Tower
11:02 Castle
11:02 Castle
11:22 Guard Tower
12:42 Arcane Sanctum
12:45 Guard Tower
12:57 Gryphon Aviary
13:24 Scout Tower
13:25 Scout Tower
13:25 Scout Tower
13:26 Scout Tower
13:26 Scout Tower
13:26 Scout Tower
14:40 Scout Tower
14:40 Scout Tower
14:41 Scout Tower
14:41 Scout Tower
14:42 Scout Tower
14:42 Scout Tower
14:52 Guard Tower
14:52 Guard Tower
15:00 Farm
15:01 Farm
15:04 Scout Tower
15:05 Scout Tower
15:05 Scout Tower
15:08 Arcane Tower
15:09 Guard Tower
15:09 Guard Tower
15:10 Guard Tower
15:10 Guard Tower
15:11 Guard Tower
15:13 Scout Tower
15:14 Scout Tower
15:14 Scout Tower
15:14 Scout Tower
15:49 Guard Tower
15:49 Guard Tower
15:52 Scout Tower
15:52 Scout Tower
15:54 Scout Tower
15:55 Scout Tower
16:09 Guard Tower
16:09 Guard Tower
16:09 Guard Tower
16:14 Guard Tower
16:23 Arcane Tower
16:23 Arcane Tower
16:24 Arcane Tower
16:24 Arcane Tower
16:46 Guard Tower
16:46 Guard Tower
16:46 Guard Tower
16:48 Scout Tower
16:55 Guard Tower
16:59 Scout Tower
17:00 Scout Tower
17:01 Scout Tower
17:14 Guard Tower
17:15 Guard Tower
17:15 Guard Tower
17:18 Scout Tower
17:23 Town Hall
17:26 Scout Tower
17:59 Guard Tower
18:02 Guard Tower
18:47 Blacksmith
18:48 Barracks
19:01 Guard Tower
19:04 Scout Tower
19:05 Scout Tower
19:05 Scout Tower
20:01 Guard Tower
20:05 Guard Tower
22:14 Guard Tower
24:13 Scout Tower
24:14 Scout Tower
24:26 Farm
24:52 Guard Tower
24:52 Guard Tower
24:54 Scout Tower
25:11 Scout Tower
25:12 Scout Tower
25:12 Scout Tower
25:12 Scout Tower
25:13 Scout Tower
25:33 Guard Tower
25:34 Guard Tower
25:37 Scout Tower
25:54 Guard Tower
25:55 Guard Tower
26:28 Guard Tower
26:51 Scout Tower
26:53 Arcane Tower
26:54 Guard Tower
26:56 Scout Tower
26:56 Scout Tower
27:42 Guard Tower
27:45 Scout Tower
27:46 Scout Tower
27:47 Scout Tower
27:47 Scout Tower
27:48 Guard Tower
27:49 Guard Tower
28:56 Guard Tower
29:47 Guard Tower
29:47 Guard Tower
29:49 Scout Tower
29:49 Scout Tower
29:50 Scout Tower
29:50 Scout Tower
29:50 Scout Tower
30:20 Town Hall
30:22 Town Hall
30:23 Guard Tower
30:23 Guard Tower
31:06 Guard Tower
31:06 Guard Tower
31:06 Guard Tower
31:09 Guard Tower
31:10 Guard Tower
31:11 Scout Tower
31:12 Scout Tower
31:50 Guard Tower
31:52 Scout Tower
31:52 Scout Tower
31:53 Scout Tower
31:54 Scout Tower
32:10 Guard Tower
32:11 Guard Tower
32:20 Scout Tower
32:21 Scout Tower
32:21 Scout Tower
32:58 Guard Tower
33:11 Guard Tower
33:12 Guard Tower
33:12 Guard Tower
33:12 Guard Tower
33:24 Scout Tower
33:25 Scout Tower
33:25 Scout Tower
33:26 Scout Tower
33:27 Guard Tower
33:30 Scout Tower
33:31 Scout Tower
33:31 Scout Tower
33:42 Guard Tower
34:01 Scout Tower
34:02 Scout Tower
34:03 Scout Tower
34:04 Scout Tower
34:05 Scout Tower
34:07 Scout Tower
34:07 Scout Tower
34:08 Scout Tower
34:09 Scout Tower
34:09 Scout Tower
34:12 Guard Tower
34:13 Guard Tower
34:27 Guard Tower
34:50 Guard Tower
34:53 Scout Tower
34:53 Scout Tower
34:55 Scout Tower
34:55 Scout Tower
35:40 Guard Tower
35:53 Scout Tower
35:54 Scout Tower
35:54 Scout Tower
35:55 Scout Tower
35:55 Scout Tower
35:56 Arcane Tower
35:56 Arcane Tower
35:57 Arcane Tower
35:57 Arcane Tower
36:13 Arcane Tower
36:13 Arcane Tower
36:13 Arcane Tower
36:17 Guard Tower
36:57 Guard Tower
37:13 Workshop
37:44 Guard Tower
37:47 Arcane Tower
37:47 Arcane Tower
37:52 Scout Tower
37:52 Scout Tower
37:53 Scout Tower
37:53 Scout Tower
38:46 Guard Tower
38:47 Guard Tower
38:47 Guard Tower
39:12 Guard Tower
39:12 Guard Tower
» items
| Healing Salve | 3 | |
| Boots of Speed | 3 | |
| Staff of Teleportation | 3 | |
| Orb of Lightning | 2 | |
| Staff of Sanctuary | 3 | |
| Scroll of Town Portal | 2 | |
| Potion of Lesser Invulnerability | 2 | |
18 total
TIMG4STRok (
orange | 125 APM | 6449 actions | 51:41)
9 Blademaster
3 Wind Walk
3 Critical Strike
1 Bladestorm
2 Mirror Image
» actions
| Assign group hotkey | 52 | |
| Basic commands | 38 | |
| Build / train | 102 | |
| ESC pressed | 11 | |
| Enter build submenu | 38 | |
| Enter hero's abilities submenu | 10 | |
| Give item / drop item | 6 | |
| Right click | 3819 | |
| Select / deselect | 485 | |
| Select group hotkey | 1605 | |
| Use ability | 282 | |
6449 total
» units
» upgrades
| Reinforced Defenses | 1 | |
| Liquid Fire | 1 | |
| Ranged Weapons | 3 | |
| Armor | 3 | |
| Troll Regeneration | 1 | |
9 total
» buildings
| Altar of Storms | 2 | |
| Orc Burrow | 4 | |
| War Mill | 1 | |
| Voodoo Lounge | 2 | |
| Watch Tower | 24 | |
| Stronghold | 1 | |
| Beastiary | 2 | |
| Fortress | 1 | |
| Barracks | 1 | |
38 total
» build order
00:06 Altar of Storms
00:14 Altar of Storms
00:16 Orc Burrow
00:39 War Mill
01:15 Voodoo Lounge
01:52 Watch Tower
02:20 Watch Tower
02:55 Watch Tower
03:21 Watch Tower
03:30 Orc Burrow
04:01 Watch Tower
04:32 Watch Tower
05:07 Watch Tower
05:12 Stronghold
05:20 Watch Tower
05:39 Watch Tower
06:08 Watch Tower
06:19 Watch Tower
06:32 Watch Tower
06:49 Watch Tower
07:25 Watch Tower
07:42 Watch Tower
07:58 Beastiary
08:13 Watch Tower
08:31 Watch Tower
08:34 Watch Tower
08:52 Orc Burrow
08:56 Watch Tower
09:35 Fortress
10:10 Beastiary
10:28 Orc Burrow
11:17 Voodoo Lounge
12:46 Watch Tower
13:04 Watch Tower
13:53 Watch Tower
16:45 Barracks
17:05 Watch Tower
» items
| Lesser Clarity Potion | 9 | |
| Scroll of Speed | 1 | |
| Healing Salve | 4 | |
| Staff of Teleportation | 1 | |
| Boots of Speed | 1 | |
| Orb of Lightning | 1 | |
| Staff of Sanctuary | 1 | |
| Scroll of Regeneration | 1 | |
19 total
Chat log
(10:11 / All) imabrickwall: don't like that shit
(10:15 / All) BEAR_AND: "
(10:16 / All) BEAR_AND: ?
(29:25 / All) LordTG: u kids are sad
(29:28 / All) BEAR_AND: really
(29:39 / All) LordTG: yea
(29:42 / All) BEAR_AND: why
(29:50 / All) LordTG: cuz u really suck
(29:53 / All) BEAR_AND: really??
(29:58 / All) LordTG: si
(30:01 / All) LordTG: tower suck
(30:06 / All) LordTG: only bats
(30:07 / All) LordTG: cute
(32:25 / All) BEAR_AND: hey are you guys bad?
(32:31 / All) LordTG: naa
(32:38 / All) BEAR_AND: ok why are you losing
(32:47 / All) LordTG: we not
(32:52 / All) BEAR_AND: uhghhhh
(35:05 / All) LordTG: gayest game every
(35:08 / All) LordTG: ever
(35:14 / All) BEAR_AND: ever??
(35:18 / All) LordTG: si
(37:34 / All) LordTG: nice
(37:37 / All) LordTG: moron
(37:41 / All) BEAR_AND: me?
(37:44 / All) LordTG: yea
(37:47 / All) BEAR_AND: what
(37:51 / All) LordTG: u pinged me
(37:55 / All) LordTG: fucking retard
(37:59 / All) BEAR_AND: ??
(38:02 / All) BEAR_AND: are you maphacking lol
(38:02 / All) LordTG: lol
(38:08 / All) LordTG: u gonna get ban
(38:21 / All) BEAR_AND: lol
(38:23 / All) LordTG: i got u
(38:27 / All) BEAR_AND: do you think i maphack
(41:09 / All) LordTG: lol
(41:10 / All) LordTG: u cute
(41:16 / All) BEAR_AND: do u like to hack
(41:27 / All) LordTG: i like to make them yes
(41:33 / All) LordTG: do u?>
(41:38 / All) BEAR_AND: ??
(41:51 / All) LordTG: lol u ping me moron
(41:58 / All) BEAR_AND: hehe do you think i'm hacking
(42:08 / All) LordTG: of corse u do
(42:12 / All) BEAR_AND: watch replay
(42:18 / All) LordTG: u see my every move
(42:23 / All) BEAR_AND: nah
(42:24 / All) LordTG: i dont have too
(44:45 / All) TIMG4STRok: gg
(44:59 / All) LordTG: leave noob
(45:07 / All) TIMG4STRok: where u worker
(45:16 / All) LordTG: si
(45:22 / All) LordTG: Well
(45:25 / All) LordTG: kinda
(45:29 / All) LordTG: they hatted me
(45:30 / All) LordTG: XD
(47:52 / All) TIMG4STRok: Thanks
(48:03 / All) BEAR_AND: why green
(49:12 / All) BEAR_AND: leave trahs
(49:15 / All) TIMG4STRok: are you guys bots
(49:18 / All) TIMG4STRok: remaking altar
(49:28 / All) BEAR_AND: lmao
(49:37 / All) LordTG: noobs
(49:40 / All) BEAR_AND: you lost
(49:56 / All) LordTG: fight mne
(50:03 / All) LordTG: fuckinbg noobs
(50:11 / All) BEAR_AND: mad?????
(50:15 / All) LordTG: no
(50:17 / All) LordTG: u sucxk
(50:19 / All) LordTG: its k
(50:19 / All) BEAR_AND: you sound mad
(50:20 / All) BEAR_AND: you lost
(50:29 / All) imabrickwall: this was the worst game I've ever played
(50:31 / All) BEAR_AND: bye
(50:40 / All) BEAR_AND: replay going up on https://highper.ch mad boys
(50:54 / All) TIMG4STRok: bye
(50:57 / All) TIMG4STRok: thanks 4 win
(51:09 / All) LordTG: lol